 Dungeon Crawl Stone Soup version 0.21.1-1-g345015f (webtiles) character file.

226 asishallab the Charmwright (level 6, 0/50 HPs)
             Began as a Gnoll Skald on July 23, 2018.
             Killed from afar by Lilu's ghost (8 damage)
             ... with a magic dart
             ... on level 4 of the Dungeon.
             The game lasted 00:11:06 (3196 turns).

asishallab the Charmwright (Gnoll Skald)            Turns: 3196, Time: 00:11:07

Health: 0/50       AC: 10    Str: 13    XL:     6   Next: 1%
Magic:  13/13      EV:  8    Int: 16    God:
Gold:   189        SH:  0    Dex: 16    Spells: 12/15 levels left

rFire    + . .     SeeInvis .   a - +1 hand axe
rCold    + . .     Gourm    .   (no shield)
rNeg     . . .     Faith    .   q - +0 chain mail
rPois    +         Spirit   .   (no helmet)
rElec    +         Reflect  .   n - +0 cloak
rCorr    +         Harm     .   (no gloves)
MR       .....                  (no boots)
Stlth    ..........             (no amulet)
HPRegen  0.16/turn              (no ring)
MPRegen  0.13/turn              (no ring)

@: about to teleport, resistant, very slightly contaminated
A: distributed training, fangs 1, strong nose
a: no special abilities


You were on level 4 of the Dungeon.
You were hungry.

You visited 1 branch of the dungeon, and saw 4 of its levels.

You collected 189 gold pieces.

Inventory:

Hand Weapons
 a - a +1 hand axe (weapon)
 o - a +0 dagger of venom
 p - a +0 hunting sling
Missiles
 i - 5 silver tomahawks (quivered)
 l - 101 stones
Armour
 b - a +0 leather armour
 h - a +0 ring mail
 n - a +0 cloak (worn)
 q - a +0 chain mail (worn)
Scrolls
 e - 3 scrolls of fog
 j - 2 scrolls of identify
 k - 2 scrolls of magic mapping
 r - 3 scrolls of teleportation
Books
 c - a book of Battle

   Spells                             Type                      Level
   a - Infusion                       Charms                       1
   b - Shroud of Golubria             Charms/Translocation         2
   c - Song of Slaying                Charms                       2
   d - Spectral Weapon                Hexes/Charms                 3
   e - Regeneration                   Charms/Necromancy            3
Comestibles
 d - 8 rations
 f - 2 chunks of flesh


   Skills:
 + Level 4.9 Fighting
 + Level 1.7 Short Blades
 + Level 1.7 Long Blades
 + Level 4.9 Axes
 + Level 1.7 Maces & Flails
 + Level 1.7 Polearms
 + Level 1.7 Staves
 + Level 1.7 Slings
 + Level 1.7 Bows
 + Level 1.7 Crossbows
 + Level 1.7 Throwing
 + Level 3.1 Armour
 + Level 4.9 Dodging
 + Level 1.7 Stealth
 + Level 1.7 Shields
 + Level 1.7 Unarmed Combat
 + Level 5.2 Spellcasting
 + Level 1.3 Conjurations
 + Level 1.3 Hexes
 + Level 5.6 Charms
 + Level 1.3 Summonings
 + Level 1.3 Necromancy
 + Level 1.3 Translocations
 + Level 1.3 Transmutations
 + Level 1.3 Fire Magic
 + Level 1.3 Ice Magic
 + Level 1.3 Air Magic
 + Level 1.3 Earth Magic
 + Level 1.3 Poison Magic
 + Level 1.9 Invocations
 + Level 1.7 Evocations


You had 12 spell levels left.
You knew the following spells:

 Your Spells              Type           Power        Failure   Level  Hunger
a - Infusion              Chrm           ###.         41%         1    None
b - Song of Slaying       Chrm           ###.....     54%         2    #......


Dungeon Overview and Level Annotations

Branches:
Dungeon (4/15)
 Temple: D:4-7

Altars:
Gozag
Trog

Annotations:
D:4 Lilu's ghost, amateur DECj


Innate Abilities, Weirdness & Mutations

Your experience applies equally to all skills.
You have very sharp teeth.
Your uncanny sense of smell can sniff out nearby items.


Message History

You hit Lilu's ghost but do no damage.
Lilu's ghost is lightly damaged.
Lilu's ghost hits you but does no damage.
You hit Lilu's ghost.
Lilu's ghost is moderately damaged.
Lilu's ghost closely misses you.
You hit Lilu's ghost.
Lilu's ghost is moderately damaged.
The crimson imp blinks!
Lilu's ghost wails.
Lilu's ghost gestures at you while chanting.
The orb of energy hits you!
* * * LOW HITPOINT WARNING * * *
The orb of energy explodes!
As you read the scroll of teleportation, it crumbles to dust.
You feel strangely unstable.
Lilu's ghost hits you but does no damage.
Lilu's ghost points at you and mumbles some strange words.
The magic dart hits you!
You die...

##....... ............
#.##.......? #.##.......#
#.##.. ....# #.##.# #.)#
#.##.# #.## ####
#####.##.#####oa# ...#
#..........@.W#o# ...#
#.###.###.###.#..#
...###.###.......#.##.#
...'.............>.%..(.$.
...#####.......#.#5.#..###
.........#.#####.#..#..#
#........#... ...... ...
#........#...... #..## ##
#.......[# ## #..#


You could see a worker ant, Lilu's ghost and an orc.

Vanquished Creatures
  A centaur skeleton (D:4)
  An orc wizard (D:4)
  4 gnolls (D:3)
  3 adders
  A shadow imp (D:3)
  3 worms
  2 dart slugs
  4 leopard geckos
  7 orcs
  2 giant cockroaches (D:3)
  11 goblins
  5 hobgoblins
  7 jackals (D:1)
  7 kobolds
  A quokka (D:4)
  4 bats
  5 frilled lizards
  13 rats
81 creatures vanquished.

Notes
Turn   | Place    | Note
-------+----------+-------------------------------------------
     0 | D:1      | asishallab the Gnoll Skald began the quest for the Orb.
     0 | D:1      | Reached XP level 1. HP: 20/20 MP: 6/6
    27 | D:1      | Reached XP level 2. HP: 21/26 MP: 7/7
   535 | D:1      | Reached XP level 3. HP: 31/31 MP: 9/9
   654 | D:1      | Reached skill level 5 in Spellcasting
   896 | D:2      | Reached skill level 1 in Invocations
   972 | D:2      | Reached skill level 1 in Short Blades
   972 | D:2      | Reached skill level 1 in Long Blades
   972 | D:2      | Reached skill level 1 in Maces & Flails
   972 | D:2      | Reached skill level 1 in Polearms
   972 | D:2      | Reached skill level 1 in Staves
   972 | D:2      | Reached skill level 1 in Slings
   972 | D:2      | Reached skill level 1 in Bows
   972 | D:2      | Reached skill level 1 in Crossbows
   972 | D:2      | Reached skill level 1 in Throwing
   972 | D:2      | Reached skill level 1 in Stealth
   972 | D:2      | Reached skill level 1 in Shields
   972 | D:2      | Reached skill level 1 in Unarmed Combat
   972 | D:2      | Reached skill level 1 in Evocations
  1214 | D:2      | Reached XP level 4. HP: 32/38 MP: 11/11
  1412 | D:2      | Learned a level 2 spell: Song of Slaying
  1677 | D:3      | Reached skill level 1 in Conjurations
  1677 | D:3      | Reached skill level 1 in Hexes
  1677 | D:3      | Reached skill level 1 in Summonings
  1677 | D:3      | Reached skill level 1 in Necromancy
  1677 | D:3      | Reached skill level 1 in Translocations
  1677 | D:3      | Reached skill level 1 in Transmutations
  1677 | D:3      | Reached skill level 1 in Fire Magic
  1677 | D:3      | Reached skill level 1 in Ice Magic
  1677 | D:3      | Reached skill level 1 in Air Magic
  1677 | D:3      | Reached skill level 1 in Earth Magic
  1677 | D:3      | Reached skill level 1 in Poison Magic
  1708 | D:3      | Reached XP level 5. HP: 8/43 MP: 6/12
  2888 | D:4      | Found a bloodstained altar of Trog.
  2892 | D:4      | Found an opulent altar of Gozag.
  3159 | D:4      | Noticed Lilu's ghost (amateur DECj)
  3167 | D:4      | Reached XP level 6. HP: 34/50 MP: 13/13
  3196 | D:4      | Killed from afar by Lilu's ghost

Skill      XL: |  1  2  3  4  5 |
---------------+----------------+-----
Spellcasting   | 5 |  5.2
Invocations    | 1 |  1.9
Short Blades   | 1 |  1.7
Long Blades    | 1 |  1.7
Maces & Flails | 1 |  1.7
Polearms       | 1 |  1.7
Staves         | 1 |  1.7
Slings         | 1 |  1.7
Bows           | 1 |  1.7
Crossbows      | 1 |  1.7
Throwing       | 1 |  1.7
Stealth        | 1 |  1.7
Shields        | 1 |  1.7
Unarmed Combat | 1 |  1.7
Evocations     | 1 |  1.7
Conjurations   | 1 |  1.3
Hexes          | 1 |  1.3
Summonings     | 1 |  1.3
Necromancy     | 1 |  1.3
Translocations | 1 |  1.3
Transmutations | 1 |  1.3
Fire Magic     | 1 |  1.3
Ice Magic      | 1 |  1.3
Air Magic      | 1 |  1.3
Earth Magic    | 1 |  1.3
Poison Magic   | 1 |  1.3
Armour         | 3 |  3.1
Fighting       | |  4.9
Axes           | |  4.9
Dodging        | |  4.9
Charms         | |  5.6

Action                   |  1- 3 |  4- 6 || total
-------------------------+-------+-------++-------
Melee: Hand axe          |    82 |   114 ||   196
       Bite              |     5 |    22 ||    27
       Dagger            |     7 |    52 ||    59
       Punch             |     1 |     1 ||     2
       Staff             |       |    41 ||    41
Throw: Tomahawk          |    24 |    11 ||    35
       Stone             |     6 |    31 ||    37
 Cast: Infusion          |       |     1 ||     1
  Use: Potion            |       |     6 ||     6
       Scroll            |       |    11 ||    11
 Stab: Invisible         |       |     4 ||     4
  Eat: Chunk             |     1 |     6 ||     7
Armor: Leather armour    |     5 |       ||     5
       Ring mail         |    18 |    20 ||    38
       Skin              |       |    25 ||    25
       Chain mail        |       |    67 ||    67
Dodge: Dodged            |    56 |   107 ||   163
